AoeStats
← F31740

MegaRandom

510917996Analyzed
4v4 RM · 7h ago on Oct 3, 2026· 56m 31s· 8 players
Game mode
Random Map
Map size
Large (8 player)
Population
200
Speed
Normal
Resources
Standard
Victory
Conquest
Starting age
Dark Age
Ending age
Imperial Age
RankedLock teamsTeams togetherTeam positionsShared explorationLock speedFull tech treeHidden civsTurbo modeCheats
Victory
Defeat
🇺🇸 Turks · United States
935
+10
🇺🇸 Mongols · United States
899
+12
🇪🇨 Varangians · Ecuador
883
+12
🇺🇦 Tatars · Ukraine
875
+12
🇧🇷 Mongols · Brazil
844
-13
🇧🇷 Vietnamese · Brazil
811
-12
🇧🇷 Franks · Brazil
776
-11
🇧🇷 Britons · Brazil
770
-10
king
6:18 Loom
9:39 Feudal Age
10:05 Double-Bit Axe
11:24 Horse Collar
13:29 Wheelbarrow
19:15 Castle Age
18:50 Stone Mining
18:52 Gold Mining
20:26 Bow Saw
22:53 Squires
23:48 Bloodlines
24:15 Hand Cart
24:18 Heavy Plow
32:41 Imperial Age
35:08 Padded Archer Armor
36:04 Leather Archer Armor
36:21 Elite Janissary
38:11 Caravan
40:26 Ring Archer Armor
41:29 Artillery
48:51 Two-Man Saw
BLaCk_HoLE
2:48 Loom
10:43 Feudal Age
16:49 Castle Age
14:54 Double-Bit Axe
15:06 Fishing Lines
16:40 Gold Mining
16:41 Stone Mining
16:49 Stone Mining
20:26 Fletching
22:32 Gold Shaft Mining
23:04 Padded Archer Armor
23:58 Bodkin Arrow
28:40 Leather Archer Armor
31:34 Wheelbarrow
33:15 Hand Cart
35:18 Ballistics
37:25 Squires
40:09 Stone Shaft Mining
44:37 Husbandry
44:47 Bloodlines
48:26 Imperial Age
50:20 Conscription
50:47 Conscription
54:11 Chemistry
53:17 Siege Engineers
56:28 Drill
1mmr
2:28 Loom
12:52 Feudal Age
13:58 Double-Bit Axe
15:01 Stone Mining
25:08 Castle Age
24:40 Horse Collar
30:59 Bow Saw
32:00 Husbandry
32:10 Bloodlines
34:42 Silk Armor
35:00 Gold Mining
35:46 Heavy Plow
35:35 Light Cavalry
36:29 Forging
36:25 Scale Barding Armor
40:15 Imperial Age
38:47 Fletching
38:57 Padded Archer Armor
40:08 Wheelbarrow
40:34 Ballistics
41:23 Conscription
41:12 Bodkin Arrow
42:37 Gold Shaft Mining
43:32 Chemistry
42:51 Leather Archer Armor
43:55 Heavy Cavalry Archer
44:49 Bracer
45:19 Ring Archer Armor
47:43 Ring Archer Armor
50:32 Chain Barding Armor
50:48 Iron Casting
49:39 Hussar
50:41 Hand Cart
51:11 Elite Keshik
52:29 Plate Barding Armor
56:26 Treadmill Crane
56:43 Murder Holes
57:00 Fortified Wall
56:55 Siege Engineers
57:01 Masonry
57:56 Blast Furnace
andrs_rg12
11:32 Feudal Age
13:44 Horse Collar
14:13 Double-Bit Axe
16:45 Bloodlines
21:01 Scale Barding Armor
22:29 Forging
22:18 Fishing Lines
27:17 Castle Age
26:40 Fletching
27:47 Light Cavalry
28:50 Chain Barding Armor
30:57 Gold Mining
31:27 Husbandry
33:03 Iron Casting
35:42 Bodkin Arrow
36:19 Ballistics
45:38 Vendel Legacy
53:59 Padded Archer Armor
RodrigoOBOM
6:27 Loom
11:22 Feudal Age
13:59 Double-Bit Axe
15:06 Bloodlines
15:37 Man-at-Arms
18:53 Forging
21:09 Fletching
26:57 Castle Age
25:53 Gold Mining
29:19 Thumb Ring
31:11 Scale Barding Armor
31:52 Bow Saw
31:24 Horse Collar
34:07 Husbandry
34:30 Chain Barding Armor
36:53 Wheelbarrow
36:18 Bodkin Arrow
37:06 Light Cavalry
38:24 Fishing Lines
39:45 Elite Skirmisher
43:38 Imperial Age
43:56 Wheelbarrow
49:30 Town Watch
50:55 Caravan
52:42 Conscription
52:58 Hand Cart
55:12 Bracer
F31740
13:20 Feudal Age
14:56 Double-Bit Axe
15:05 Fishing Lines
16:26 Wheelbarrow
16:46 Horse Collar
18:08 Gold Mining
19:52 Fletching
20:03 Padded Archer Armor
22:13 Castle Age
20:52 Stone Mining
24:12 Hand Cart
24:09 Bow Saw
24:39 Gold Shaft Mining
25:21 Gillnets
27:24 Medium Warships
28:53 Heavy Plow
38:47 Imperial Age
35:59 Demolition Ship
36:50 Siphons
36:56 Clinker Construction
36:57 Careening
37:08 Ballistics
36:30 Treadmill Crane
38:44 Fletching
38:54 Padded Archer Armor
40:03 Yeomen
40:30 Elite Longbowman
47:00 Chemistry
53:44 Elite Skirmisher
Ananda
14:41 Feudal Age
15:39 Double-Bit Axe
18:55 Castle Age
18:45 Gold Mining
18:49 Stone Mining
22:44 Forging
30:13 Gold Shaft Mining
30:30 Husbandry
30:38 Scale Barding Armor
35:20 Wheelbarrow
39:16 Iron Casting
39:04 Chain Barding Armor
38:45 Scale Mail Armor
41:28 Bow Saw
41:38 Hand Cart
45:44 Imperial Age
48:40 Cavalier
49:23 Chivalry
Daniel
10:28 Feudal Age
11:52 Double-Bit Axe
17:17 Fletching
17:28 Padded Archer Armor
27:40 Castle Age
27:34 Horse Collar
28:17 Forging
28:07 Scale Mail Armor
29:39 Heavy Plow
29:54 Bow Saw
29:44 Pikeman
30:25 Squires
30:11 Arson
34:31 Wheelbarrow
38:01 Hand Cart
40:59 Imperial Age
39:24 Ballistics
39:18 Loom
39:50 Elite Skirmisher
41:51 Halberdier
42:07 Imperial Skirmisher
42:53 Thumb Ring
52:54 Chemistry
56:53 Two-Man Saw
Connection lost

Rejoining the realm…

Still unreachable

The connection could not be restored.

Session expired

The server has moved on; the page needs a fresh start.